 Dungeon Crawl Stone Soup version 0.26-a0-611-g354ed81 (webtiles) character file.

Game seed: 833338940102633555

812 rz the Chiller (level 7, -4/36 HPs)
             Began as a Gargoyle Ice Elementalist on Sept 7, 2020.
             Killed from afar by a white imp (5 damage)
             ... with a puff of frost
             ... on level 5 of the Dungeon.
             The game lasted 00:08:59 (5903 turns).

rz the Chiller (Gargoyle Ice Elementalist)          Turns: 5903, Time: 00:08:59

Health: -4/36      AC:  7    Str: 11    XL:     7   Next: 93%
Magic:  6/15       EV: 12    Int: 18    God:
Gold:   249        SH:  0    Dex: 10    Spells: 13/17 levels left

rFire    . . .     SeeInvis .   x - +0 dagger (speed)
rCold    . . .     Faith    .   (no shield)
rNeg     + . .     Spirit   .   a - +0 robe
rPois    ∞         Reflect  .   (no helmet)
rElec    +         Harm     .   n - +0 cloak
rCorr    .                      (no gloves)
MR       .....                  (no boots)
Stlth    ++........             (no amulet)
HPRegen  0.12/turn              (no ring)
MPRegen  0.14/turn              (no ring)

@: no status effects
A: negative energy resistance 1, electricity resistance, unbreathing,
petrification resistance, rot immunity, AC +4
a: no special abilities


You were on level 5 of the Dungeon.
You visited 1 branch of the dungeon, and saw 5 of its levels.

You collected 249 gold pieces.

Inventory:

Hand Weapons
 d - a +0 dagger
 x - a +0 dagger of speed (weapon)
Missiles
 y - 3 datura-tipped darts (quivered)
Armour
 a - a +0 robe (worn)
 n - a +0 cloak (worn)
Jewellery
 i - an uncursed ring of wizardry {unknown}
 k - a +6 ring of dexterity {unknown}
 q - an uncursed amulet of guardian spirit
Scrolls
 b - 2 scrolls of remove curse {unknown}
 f - 2 scrolls of immolation {unknown}
 g - 5 scrolls of identify {unknown}
 h - 2 scrolls of amnesia {unknown}
 p - a scroll of enchant armour {unknown}
 t - 2 scrolls of random uselessness {unknown}
 v - a scroll of enchant weapon {unknown}
 w - a scroll of teleportation {unknown}
Potions
 c - a potion of heal wounds
 e - a potion of brilliance {unknown}
 j - 2 potions of mutation {unknown}
 l - 2 potions of haste {unknown}
 m - 2 potions of curing {unknown}
 o - a potion of invisibility {unknown}
 r - 2 potions of magic {unknown}
 s - a potion of berserk rage {unknown}
 u - a potion of resistance {unknown}


   Skills:
 - Level 1.5 Dodging
 - Level 2.1 Stealth
 + Level 5.8 Spellcasting
 + Level 7.3 Ice Magic


You had 13 spell levels left.
You knew the following spells:

 Your Spells              Type           Power        Failure   Level
a - Freeze                Ice            ####         1%          1
b - Frozen Ramparts       Ice            ####..       1%          3

Your spell library contained the following spells:

 Spells                   Type           Power        Failure   Level
 Ozocubu's Armour         Ice            ####....     1%          3
 Hailstorm                Conj/Ice       ###.....     26%         4
 Summon Ice Beast         Ice/Summ       ###.....     26%         4


Dungeon Overview and Level Annotations

Branches:
Dungeon (5/15)
 Temple: D:4-7

Altars:
Ashenzari
Elyvilon
Fedhas
Gozag
Hepliaklqana
Nemelex Xobeh
Okawaru
The Shining One

Shops:
D:4 *


Innate Abilities, Weirdness & Mutations

You are resistant to torment.
Your stone body is resilient. (AC +4)
You are immune to poison.
You resist negative energy. (rN+)
You are resistant to electric shocks. (rElec)
You can survive without breathing.
You are immune to petrification.
You are immune to rotting.


Message History

* * * LOW HITPOINT WARNING * * *
You hit the white imp but do no damage.
The white imp is severely wounded.
The frozen ramparts melt away.
You hit the white imp.
The white imp is almost dead.
The white imp hits you.
* * * LOW HITPOINT WARNING * * *
The white imp freezes you.
* * * LOW HITPOINT WARNING * * *
Casting: Freeze (safe; 1% risk of failure)
Confirm with . or Enter, or press ? or * to list all spells.
Aiming: Freeze (safe; 1% risk of failure)
Press: ? - help, Shift-Dir - straight line, f/p - white imp
Aim: a white imp (almost dead)
The white imp resists.
You freeze the white imp.
The white imp is almost dead.
The white imp gestures at you. The puff of frost hits you.
You die...

#.......#.#
.....#.........#
#.#.... #......#
#.#.... #5.....##
##..... #....)...
.....# #O....###
#########...# #.....#
#.....<.#...####.....##
#.####..#....@5)......#
#..#..>#########.#
#..#.#.# .# #....#.# #
##.###.# #.. ..# ###
###


You could see a white imp.

Vanquished Creatures
  A centaur (D:4)
  3 ogres
  A gnoll sergeant (D:2)
  A centaur skeleton (D:4)
  A hound (D:4)
  An orc wizard (D:4)
  2 iguanas (D:4)
  2 worker ants (D:4)
  A hound skeleton (D:4)
  5 gnolls (D:2)
  8 adders
  An ooze (D:2)
  3 worms
  2 dart slugs (D:1)
  3 leopard geckos
  6 orcs
  9 bats
  A giant cockroach (D:4)
  12 goblins
  8 hobgoblins
  4 jackals (D:1)
  3 quokkas
  5 frilled lizards
  2 kobolds
  7 rats
92 creatures vanquished.

Vanquished Creatures (others)
  25 plants (D:3)
25 creatures vanquished.

Grand Total: 117 creatures vanquished

Notes
Turn   | Place    | Note
-------+----------+-------------------------------------------
     0 | D:1      | rz the Gargoyle Ice Elementalist began the quest for the
                  | Orb.
     0 | D:1      | Reached XP level 1. HP: 10/10 MP: 3/3
   384 | D:1      | Reached XP level 2. HP: 9/15 MP: 0/5
  1497 | D:2      | Reached XP level 3. HP: 19/19 MP: 4/6
  1641 | D:2      | Learned a level 3 spell: Frozen Ramparts
  1961 | D:2      | Noticed a gnoll sergeant
  1979 | D:2      | Killed a gnoll sergeant
  1979 | D:2      | Reached skill level 5 in Ice Magic
  1979 | D:2      | Reached XP level 4. HP: 6/24 MP: 2/9
  2005 | D:2      | Reached XP level 5. HP: 10/28 MP: 0/10
  3159 | D:3      | Noticed an ogre
  3173 | D:3      | Killed an ogre
  3173 | D:3      | Reached XP level 6. HP: 10/32 MP: 7/12
  3681 | D:3      | Reached skill level 6 in Ice Magic
  3737 | D:3      | Found an iron altar of Okawaru.
  4156 | D:4      | Found an opulent altar of Gozag.
  4614 | D:4      | Reached XP level 7. HP: 35/36 MP: 9/14
  4906 | D:4      | Reached skill level 5 in Spellcasting
  4942 | D:4      | Found a blossoming altar of Fedhas.
  4942 | D:4      | Found a white marble altar of Elyvilon.
  4943 | D:4      | Found a sparkling altar of Nemelex Xobeh.
  4960 | D:4      | Found a transporter.
  4966 | D:4      | Found Gozag's Platinum Reserve.
  5007 | D:4      | Found a shattered altar of Ashenzari.
  5007 | D:4      | Found a hazy altar of Hepliaklqana.
  5007 | D:4      | Found a glowing golden altar of the Shining One.
  5009 | D:4      | Found a transporter.
  5009 | D:4      | HP: 1/36 [ogre/+0 giant spiked club (10)]
  5244 | D:4      | Reached skill level 7 in Ice Magic
  5849 | D:5      | Entered Level 5 of the Dungeon
  5902 | D:5      | HP: 1/36 [white imp (4)]
  5903 | D:5      | Killed from afar by a white imp

Illustrated notes

Levels and vault maps discovered:
D:1:      doesnt_arrival_eight_statues, layout_basic
D:2:      layout_loops_cross
D:3:      layout_loops_ring, serial_bayou, serial_bayou_pond_b,
          serial_bayou_shore_b, serial_bayou_pond_d, serial_bayou_pond_c,
          okawaru_gym_becter
D:4:      layout_gridville, gammafunk_temple_overflow_claw,
          gammafunk_temple_overflow_arena, minmay_misc_feat_secret_circle,
          nicolae_gozag_zags_fifth_avenue
D:5:      cheibrodos_barr_body, layout_basic, kb_xom_exploding_sheep

Skill      XL: |  1  2  3  4  5  6  7 |
---------------+----------------------+-----
Spellcasting   | 3 4 5 |  5.8
Ice Magic      | 5 6 7 |  7.3
Dodging        | |  1.5
Stealth        | |  2.1

Action                   |  1- 3 |  4- 6 |  7- 9 || total
-------------------------+-------+-------+-------++-------
Melee: Dagger            |    21 |    51 |    20 ||    92
 Cast: Freeze            |    37 |    78 |    36 ||   151
       Frozen Ramparts   |     2 |     6 |     3 ||    11
  Use: Potion            |       |       |     1 ||     1
 Stab: Sleeping          |     1 |       |       ||     1
Armor: Robe              |    37 |    32 |    15 ||    84
Dodge: Dodged            |    62 |    72 |    35 ||   169

Table legend: (Time is in decaauts)
 A = Elapsed time spent in this place.
 B = Non-inter-level travel time spent in this place.
 C = Inter-level travel time spent in this place.
 D = Time resting spent in this place.
 E = Time spent auto-exploring this place.
 F = Levels seen in this place.
 G = Mean time per level.
                   A        B        C        D        E       F      G
               +--------+--------+--------+--------+--------+-----+--------+
         Total |   5911 |   5830 |     81 |   2439 |   2627 |   5 | 1182.2 |
       Dungeon |   5911 |   5830 |     81 |   2439 |   2627 |   5 | 1182.2 |
               +--------+--------+--------+--------+--------+-----+--------+

Top non-repeatable levels by time:
     D:4: 1693 daAuts
     D:1: 1492 daAuts
     D:2: 1488 daAuts
     D:3: 1184 daAuts
     D:5: 53 daAuts
